 Dungeon Sprint DCSS version bcrawl-1.31 (webtiles) character file.

Game seed: 8691740233946315770

302636 Groucho the Covert (level 7, 0/47 HPs)
             Began as a Felid Martial Artist on Mar 24, 2021.
             Was a High Priest of Wu Jian.
             Slain by a seven-headed hydra (18 damage)
             ... in the Dungeon (Sprint IX: "|||||||||||||||||||||||||||||").
             The game lasted 00:03:43 (1485 turns).

Groucho the Covert (Felid Martial Artist)           Turns: 1485, Time: 00:03:44

Health: 0/47       AC:  2    Str: 13    XL:     7   Next: 63%
Magic:  9/9        EV: 32    Int: 13    God:    Wu Jian [*****.]
Gold:   24         SH:  0    Dex: 20    Spells: 7/8 levels left
                                        Lives:  0   Deaths: 2

rFire    . . .     SeeInvis +     - Teeth and claws (24.0)
rCold    . . .     Gourm    .   (shield unavailable)
rNeg     . . .     Faith    .   (armour unavailable)
rPois    .         Spirit   .   (helmet unavailable)
rElec    .         Reflect  .   (cloak restricted)
rCorr    .         Harm     .   (gloves unavailable)
MR       +....     NoTele   +   (boots unavailable)
Stlth    +++++++...             (no amulet)
HPRegen  0.15/turn              l - +3 ring of intelligence
MPRegen  0.11/turn              m - +3 ring of strength

@: serpent's lash, quick
A: very small, no armour, no weapons or thrown items, stealth, claws 1, fangs 3,
see invisible, carnivore, speed 1, shaggy fur 2, slow metabolism 1, sharp paws
a: Wall Jump, Serpent's Lash, Heavenly Storm, Renounce Religion


You were in the Dungeon.
You worshipped Wu Jian.
Wu Jian was extremely pleased with you.
You were not hungry.

You visited 1 branch You collected 24 gold pieces.

Inventory:

Jewellery
 l - a +3 ring of intelligence (left paw)
 m - a +3 ring of strength (right paw)
Wands
 k - a wand of acid (10)
Scrolls
 h - 3 scrolls of blinking
 i - 3 scrolls of remove curse
 j - 2 scrolls of amnesia
Potions
 a - 2 potions of agility
 b - 2 potions of haste
 c - 6 potions of curing
 e - a potion of invisibility
 f - 4 potions of magic
 g - a potion of berserk rage


   Skills:
 + Level 11.3 Fighting
 + Level 14.1 Dodging
 + Level 14.8 Stealth
 + Level 13.4 Unarmed Combat
 - Level 1.2 Spellcasting
 - Level 1.5 Hexes


You had 7 spell levels left.
You knew the following spells:

 Your Spells              Type           Power        Failure   Level  Hunger
a - Confusing Touch       Hex            #.......     16%         1    None
Your spell library was empty.

Dungeon Overview and Level Annotations

Branches:
Dungeon (1/1)

Altars:
Cheibriados
Dithmenos
Elyvilon
Fedhas
Gozag
Hepliaklqana
Kikubaaqudgha
Lugonu
Makhleb
Nemelex Xobeh
Okawaru
Qazlal
Ru
Sif Muna
Trog
Uskayaw
Vehumet
Wu Jian
Xom
Yredelemnul
Zin
The Shining One
Beogh
Jiyva


Innate Abilities, Weirdness & Mutations

You cannot wear almost all types of armour.
You are incapable of wielding weapons or throwing items.
Your paws allow you to move quietly. (Stealth)
You have sharp claws.
You have razor-sharp teeth.
You have supernaturally acute eyesight. (SInv)
You are carnivorous and can eat meat at any time.
You cover ground quickly.
You are covered in thick fur. (AC +2)
You have a slow metabolism.
Your sharp claws are effective at attacking unaware monsters.


Message History

Aiming: Wall Jump
Press: ? - help, Dir - move target cursor You repeatedly attack the seven-headed hydra from above.
You mangle the seven-headed hydra!!
The seven-headed hydra is heavily wounded.
You claw the seven-headed hydra!
The seven-headed hydra is severely wounded.
The seven-headed hydra bites you!
The seven-headed hydra closely misses you.
The seven-headed hydra barely misses you.
The seven-headed hydra misses you. The seven-headed hydra bites you! x2
The seven-headed hydra completely misses you.
No path to travel!
No path to travel!
No path to travel!
Your muscles tense, ready for explosive movement...
You scratch the seven-headed hydra.
The seven-headed hydra is severely wounded.
The seven-headed hydra misses you. The seven-headed hydra bites you!!
You die...

▓▓▓▓▓▓▓▓▓▓▓▓▓▓▓▓▓▓▓▓
☼§?.|DYFD†.DY.FD@°.▓
▓▓▓▓▓▓▓▓▓▓▓▓▓▓▓▓▓▓.▓
...................▓
▓▓▓▓▓▓▓▓▓▓▓▓▓▓▓▓▓▓▓▓
__'....)')(÷.÷'...<▓
▓▓▓▓▓▓▓▓▓▓▓▓▓▓▓▓▓▓▓▓


You could see a seven-headed hydra, a yak, a cane toad and an acid dragon.

Vanquished Creatures
  A hydra (D)
  A centaur warrior (D)
  2 unseen horrors (D)
  An orc knight (D)
  An ugly thing (D)
  A cane toad (D)
  A porcupine (D)
  A bullfrog (D)
  A scorpion (D)
  A howler monkey (D)
  A hound (D)
  An orc priest (D)
  An orc wizard (D)
  A worker ant (D)
  A leopard gecko (D)
  An orc (D)
  A goblin (D)
  A hobgoblin (D)
  2 jackals (D)
  A kobold (D)
  A quokka (D)
  A quokka skeleton (D)
  A rat (D)
25 creatures vanquished.

Notes
Turn   | Place    | Note
-------+----------+-------------------------------------------
     0 | D        | Groucho the Felid Martial Artist began the quest for the
                  | Orb.
     0 | D        | Reached XP level 1. HP: 12/12 MP: 3/3
     4 | D        | Reached skill level 5 in Unarmed Combat
     6 | D        | Reached ** piety under Wu Jian
    10 | D        | Noticed a worker ant
    10 | D        | Noticed an orc priest
    11 | D        | Reached skill level 5 in Dodging
    11 | D        | Reached XP level 2. HP: 17/17 MP: 4/4
    11 | D        | Reached XP level 3. HP: 21/21 MP: 5/5
    14 | D        | Reached *** piety under Wu Jian
   242 | D        | Found a roughly hewn altar of Beogh.
   242 | D        | Found a snail-covered altar of Cheibriados.
   242 | D        | Found a shadowy altar of Dithmenos.
   242 | D        | Found a white marble altar of Elyvilon.
   242 | D        | Found a blossoming altar of Fedhas.
   242 | D        | Found an opulent altar of Gozag.
   243 | D        | Found a hazy altar of Hepliaklqana.
   244 | D        | Found a viscous altar of Jiyva.
   245 | D        | Found an ancient bone altar of Kikubaaqudgha.
   246 | D        | Found a corrupted altar of Lugonu.
   247 | D        | Found a burning altar of Makhleb.
   248 | D        | Found a sparkling altar of Nemelex Xobeh.
   249 | D        | Found an iron altar of Okawaru.
   250 | D        | Found a stormy altar of Qazlal.
   251 | D        | Found a sacrificial altar of Ru.
   252 | D        | Found a shimmering blue altar of Sif Muna.
   253 | D        | Found a bloodstained altar of Trog.
   254 | D        | Found a hide-covered altar of Uskayaw.
   255 | D        | Found a radiant altar of Vehumet.
   256 | D        | Found an ornate altar of the Wu Jian Council.
   257 | D        | Found a shimmering altar of Xom.
   258 | D        | Found a basalt altar of Yredelemnul.
   259 | D        | Found a glowing silver altar of Zin.
   260 | D        | Found a glowing golden altar of the Shining One.
   286 | D        | Noticed an unseen horror
   286 | D        | Noticed an unseen horror
   286 | D        | Noticed a bullfrog
   286 | D        | Noticed a green ugly thing
   287 | D        | Reached XP level 4. HP: 31/31 MP: 6/6
   287 | D        | Reached XP level 5. HP: 35/35 MP: 7/7
   287 | D        | Gained mutation: You are covered in thick fur. (AC +2)
                  | [Felid growth]
   287 | D        | Reached XP level 6. HP: 39/39 MP: 8/8
   287 | D        | Reached XP level 7. HP: 44/44 MP: 9/9
   287 | D        | Reached **** piety under Wu Jian
   288 | D        | Killed a green ugly thing
   290 | D        | Killed an unseen horror
   305 | D        | Killed an unseen horror
   859 | D        | Noticed a centaur warrior
   859 | D        | Noticed an orc knight
   860 | D        | Reached XP level 8. HP: 50/50 MP: 10/10
   860 | D        | Killed an orc knight
   860 | D        | Reached ***** piety under Wu Jian
   876 | D        | Killed a centaur warrior
  1421 | D        | Noticed a yak
  1421 | D        | Noticed a cane toad
  1421 | D        | Noticed a seven-headed hydra
  1421 | D        | Noticed a cane toad
  1421 | D        | Noticed a seven-headed hydra
  1422 | D        | Reached XP level 9. HP: 56/56 MP: 11/11
  1427 | D        | Noticed a cane toad
  1430 | D        | HP: 2/56 [seven-headed hydra (17)]
  1430 | D        | Mangled by a seven-headed hydra
  1431 | D        | Reached XP level 8. HP: -12/52 MP: 10/10
  1457 | D        | Killed a cane toad
  1466 | D        | Killed a seven-headed hydra
  1474 | D        | Slain by a seven-headed hydra
  1475 | D        | Reached XP level 7. HP: -5/47 MP: 9/9
  1485 | D        | Slain by a seven-headed hydra

Skill      XL: |  1  2  3  4  5  6  7  8  9 |
---------------+----------------------------+-----
Stealth        | 4 11 13 14 | 14.8
Unarmed Combat | 6 11 12 13 | 13.4
Fighting       | 4 8 9 11 | 11.3
Dodging        | 5 11 12 13 14 | 14.1
Spellcasting   | |  1.2
Hexes          | |  1.5

Action                   |  1- 3 |  4- 6 |  7- 9 || total
-------------------------+-------+-------+-------++-------
Melee: Unarmed           |    18 |       |    57 ||    75
       Punch             |     1 |       |     2 ||     3
       Bite              |       |       |     7 ||     7
Invok: Lunge             |     6 |       |    12 ||    18
       Heavenly Storm    |       |       |     2 ||     2
 Abil: Serpent's Lash    |       |       |     2 ||     2
       Wall Jump         |       |       |     2 ||     2
  Use: Potion            |       |       |     7 ||     7
 Stab: Sleeping          |     6 |       |     9 ||    15
  Eat: Chunk             |     5 |       |     2 ||     7
       Ration            |     1 |       |       ||     1
Armor: Skin              |       |       |     2 ||     2
Dodge: Dodged            |     7 |       |    87 ||    94
